Map: Orbital Shipyard

Players

Renegade - Winner!

  • Race: Protoss Protoss
  • League: Platinum

Evangelion

  • Race: Protoss Protoss
  • League: Silver

VOD

Have the link to the VOD?

Description

Instead of wanting to do a face on confrontation, he a moves directly to my base. I could've just mass recalled my units back. But I didn't. It turned into a base race scenario. If I had not stacked 3k something minerals, this would of been an almost definite loss. Truly an amazing victory.

Time

  • Played on: Nov. 26, 2015, 9:11 p.m.
  • Length: 20:26
Show
View Real Time Build Order
Export as new Build Order

Renegade Protoss - Winner!

Build Orders: 1 Gate Expand, Double Forge 

Get SALT Encoding   

  12  0:01  Probe (Chrono Boost)  
  13  0:11  Probe (Chrono Boost)  
  14  0:18  Pylon  
  14  0:22  Probe (Chrono Boost)  
  15  0:36  Probe (Chrono Boost)  
  15  0:37  Gateway  
  16  0:46  Probe (Chrono Boost)  
  16  0:48  Assimilator  
  18  0:57  Probe (Chrono Boost)  
  18  1:07  Probe (Chrono Boost)  
  19  1:21  Nexus  
  19  1:24  Probe (Chrono Boost)  
  20  1:34  Cybernetics Core  
  20  1:37  Probe (Chrono Boost)  
  21  1:48  Gateway  
  21  1:52  Probe (Chrono Boost)  
  22  1:59  Assimilator  
  22  2:02  Probe (Chrono Boost)  
  22  2:06  Pylon  
  23  2:24  Mothership Core (Chrono Boost)  
  23  2:29  Adept  
  27  2:35  Probe (Chrono Boost), Adept  
  30  2:42  Pylon  
  30  2:43  Probe (Chrono Boost)  
  31  2:46  Probe (Chrono Boost)  
  32  2:53  Probe (Chrono Boost)  
  32  2:56  Probe (Chrono Boost)  
  34  3:04  Probe (Chrono Boost)  
  35  3:07  Probe (Chrono Boost)  
  36  3:14  Probe (Chrono Boost)  
  36  3:18  Probe (Chrono Boost), Twilight Council  
  38  3:24  Gateway  
  38  3:25  Probe (Chrono Boost)  
  39  3:28  Probe (Chrono Boost)  
  40  3:35  Robotics Facility  
  40  3:37  Probe (Chrono Boost)  
  41  3:42  Pylon  
  41  3:45  Probe (Chrono Boost)  
  41  3:47  Warp Gate  
  42  3:51  Probe (Chrono Boost)  
  43  3:59  Probe (Chrono Boost)  
  44  4:03  Blink  
  44  4:07  Adept  
  44  4:09  Zealot  
  48  4:11  Stalker  
  48  4:12  Probe x2 (Chrono Boost)  
  52  4:17  Assimilator  
  52  4:22  Observer, Assimilator  
  53  4:24  Forge  
  53  4:27  Forge  
  53  4:29  Probe (Chrono Boost)  
  53  4:30  Probe (Chrono Boost)  
  55  4:35  Stalker  
  55  4:38  Adept  
  59  4:41  Adept  
  59  4:43  Probe (Chrono Boost)  
  62  4:56  Pylon  
  62  4:59  Pylon  
  62  5:05  Pylon  
  62  5:07  Pylon  
  62  5:08  Protoss Ground Weapons Level 1, Protoss Ground Armor Level 1  
  62  5:14  Probe x2 (Chrono Boost), Observer  
  62  5:18  Stalker  
  62  5:19  Stalker  
  69  5:22  Stalker  
  71  5:36  Nexus  
  71  5:38  Probe (Chrono Boost)  
  71  5:39  Probe (Chrono Boost)  
  73  5:55  Stalker  
  75  5:57  Adept x2  
  75  5:59  Probe x2 (Chrono Boost)  
  81  6:04  Pylon  
  81  6:07  Pylon  
  81  6:08  Pylon  
  81  6:09  Probe (Chrono Boost)  
  81  6:10  Probe (Chrono Boost)  
  83  6:20  Gateway  
  83  6:23  Gateway  
  83  6:26  Robotics Bay  
  83  6:27  Probe x2 (Chrono Boost)  
  85  6:35  Charge  
  85  6:41  Stalker x2  
  85  6:43  Probe (Chrono Boost)  
  85  6:44  Probe (Chrono Boost)  
  91  6:48  Probe (Chrono Boost)  
  91  6:52  Stalker  
  95  6:54  Probe x2 (Chrono Boost)  
  95  6:59  Gateway  
  96  7:05  Gateway  
  96  7:09  Probe x3 (Chrono Boost)  
  96  7:12  Disruptor  
  102  7:16  Stalker  
  102  7:17  Stalker  
  102  7:20  Probe x3 (Chrono Boost)  
  109  7:24  Assimilator  
  109  7:28  Assimilator  
  109  7:33  Stalker x2  
  109  7:34  Adept  
  109  7:36  Protoss Ground Weapons Level 2  
  115  7:38  Protoss Ground Armor Level 2  
  115  7:46  Probe x2 (Chrono Boost)  
  115  7:47  Probe (Chrono Boost)  
  115  7:48  Disruptor  
  121  8:01  Stalker x3  
  121  8:02  Stalker x2  
  131  8:09  Stalker  
  133  8:13  Pylon  
  133  8:15  Pylon  
  133  8:33  Nexus  
  133  8:35  Zealot x4  
  133  8:36  Pylon  
  133  8:38  Disruptor, Pylon  
  133  8:40  Pylon  
  144  8:54  Pylon  
  144  8:56  Pylon  
  144  8:59  Pylon  
  144  9:03  Assimilator  
  144  9:05  Assimilator  
  144  9:08  Stalker  
  144  9:09  Stalker x3, Pylon  
  152  9:11  Adept x3  
  152  9:14  Disruptor  
  153  10:13  Stalker  
  153  10:14  Stalker x6  
  128  10:52  Stalker  
  28  14:04  Nexus  
  24  14:13  Nexus  
  24  14:36  Nexus  
  22  14:45  Nexus  
  22  14:54  Nexus  
  20  15:27  Nexus  
  20  15:41  Nexus  
  20  15:59  Nexus  
  20  16:32  Nexus  
  19  16:43  Nexus  
Show
View Real Time Build Order
Export as new Build Order

Evangelion Protoss 

Build Orders: 1 Gate Expand, Blink Stalkers 

Get SALT Encoding   

  12  0:02  Probe (Chrono Boost)  
  13  0:13  Probe (Chrono Boost)  
  14  0:19  Pylon  
  14  0:25  Probe (Chrono Boost)  
  15  0:37  Probe (Chrono Boost)  
  15  0:39  Gateway  
  16  0:48  Probe (Chrono Boost)  
  17  0:59  Probe (Chrono Boost)  
  18  1:12  Nexus  
  18  1:16  Probe (Chrono Boost)  
  19  1:21  Assimilator  
  19  1:27  Probe (Chrono Boost)  
  20  1:35  Cybernetics Core  
  20  1:45  Probe (Chrono Boost)  
  21  1:55  Probe (Chrono Boost)  
  22  2:06  Probe (Chrono Boost)  
  22  2:07  Pylon  
  23  2:11  Pylon  
  23  2:14  Warp Gate  
  23  2:18  Assimilator  
  23  2:24  Probe (Chrono Boost)  
  23  2:27  Probe (Chrono Boost)  
  25  2:34  Stalker  
  25  2:35  Probe (Chrono Boost)  
  28  2:38  Probe (Chrono Boost)  
  29  2:50  Probe x2 (Chrono Boost)  
  31  3:00  Probe (Chrono Boost)  
  31  3:01  Twilight Council  
  32  3:06  Gateway  
  32  3:08  Gateway  
  32  3:11  Probe x2 (Chrono Boost)  
  34  3:15  Assimilator  
  34  3:22  Probe x2 (Chrono Boost)  
  34  3:23  Pylon  
  34  3:25  Stalker  
  38  3:33  Probe x2 (Chrono Boost)  
  40  3:40  Blink  
  40  3:43  Probe x2 (Chrono Boost)  
  42  3:49  Robotics Facility  
  43  3:55  Probe (Chrono Boost), Assimilator  
  43  3:58  Probe (Chrono Boost)  
  44  4:06  Probe (Chrono Boost)  
  45  4:17  Probe (Chrono Boost)  
  46  4:19  Stalker x3  
  52  4:28  Nexus  
  52  4:29  Pylon  
  52  4:34  Probe x2 (Chrono Boost)  
  54  4:44  Probe (Chrono Boost)  
  54  4:45  Observer (Chrono Boost)  
  56  4:56  Probe, Gateway  
  56  4:57  Gateway  
  56  4:59  Pylon  
  57  5:02  Pylon  
  57  5:04  Observer (Chrono Boost)  
  58  5:07  Forge  
  58  5:10  Stalker  
  58  5:11  Stalker x2  
  64  5:18  Mothership Core  
  66  5:35  Gateway  
  66  5:38  Gateway  
  66  5:40  Pylon, Protoss Ground Weapons Level 1  
  63  6:05  Pylon  
  63  6:07  Probe  
  63  6:08  Pylon  
  63  6:11  Probe  
  65  6:16  Charge  
  65  6:17  Probe  
  65  6:23  Probe, Robotics Bay  
  67  6:26  Robotics Facility  
  67  6:28  Immortal (Chrono Boost), Probe  
  72  6:34  Pylon  
  72  6:35  Probe  
  72  6:36  Assimilator  
  72  6:38  Probe  
  73  6:42  Assimilator  
  73  6:45  Pylon  
  73  6:46  Probe  
  74  6:47  Probe  
  74  6:49  Probe  
  77  6:57  Probe  
  77  6:58  Stalker  
  77  6:59  Stalker, Probe x2, Nexus, Pylon  
  84  7:02  Pylon  
  84  7:04  Stalker  
  84  7:05  Stalker x4  
  84  7:06  Assimilator  
  94  7:10  Probe  
  94  7:11  Probe, Assimilator  
  94  7:12  Disruptor (Chrono Boost)  
  102  7:19  Disruptor (Chrono Boost)  
  102  7:20  Pylon  
  102  7:28  Pylon  
  102  7:31  Photon Cannon  
  102  7:33  Gateway  
  102  7:36  Gateway  
  102  7:54  Stalker x2  
  109  7:58  Disruptor (Chrono Boost)  
  109  8:00  Stalker  
  109  8:01  Stalker x4  
  109  8:03  Disruptor (Chrono Boost)  
  122  8:31  Resonating Glaives  
  122  8:38  Immortal (Chrono Boost)  
  130  8:42  Immortal (Chrono Boost)  
  130  9:08  Stalker  
  130  9:09  Stalker x5  
  142  9:11  Stalker x3  
  142  9:14  Probe  
  149  9:25  Probe  
  149  9:30  Observer x2  
  152  9:35  Stalker x2, Probe  
  152  9:36  Stalker  
  152  9:37  Stalker x5  
  152  9:38  Stalker  
  171  9:50  Disruptor x2  
  173  10:05  Zealot x3  
  173  10:06  Stalker  
  102  11:54  Nexus  
  102  11:57  Pylon  
  102  12:06  Pylon  
  102  12:25  Nexus  
  18  13:55  Nexus  
  18  14:16  Pylon  
  18  14:18  Pylon  
  18  14:19  Pylon  
  18  14:33  Probe  
  19  14:43  Probe  
  20  14:52  Gateway x2  
  20  14:58  Forge  
  20  15:37  Nexus  
  20  16:18  Pylon  
Tags
 
Add a new tag
Caveats
  • Supply blocks, unpowered buildings, or Contaminate may cause inaccurate times.
  • Supply counts are checked every 10 seconds.